 Dungeon Crawl Stone Soup version 0.31-a0-705-ga145531891 (webtiles) character file.

Game seed: 6090570743986137413

109 Darius099 the Chopper (level 4, -4/39 HPs)
             Began as a Minotaur Fighter on Sept 9, 2023.
             Engulfed by a cloud of flame (18 damage)
             ... on level 3 of the Dungeon.
             The game lasted 00:06:15 (1443 turns).

Darius099 the Chopper (Minotaur Fighter)            Turns: 1443, Time: 00:06:16

Health: -4/39      AC:  9    Str: 23    XL:     4   Next: 60%
Magic:  3/3        EV:  9    Int:  5    God:
Gold:   160        SH:  4    Dex:  9    Spells: 3/3 levels left

rFire   . . .        a - +0 war axe
rCold   . . .        c - +0 buckler
rNeg    . . .        b - +0 scale mail
rPois   .            (helmet restricted)
rElec   .            j - +0 cloak
rCorr   .            (no gloves)
SInv    .            e - +0 pair of boots
Will    .....        (no amulet) Stlth
                     (no ring)
HPRegen 0.26/turn    (no ring)
MPRegen 0.08/turn

%: no passive effects
@: no status effects
A: horns 2, retaliatory headbutt
a: no special abilities


You were on level 3 of the Dungeon.
You visited 1 branch of the dungeon, and saw 3 of its levels.

You collected 160 gold pieces.

Inventory:

Hand Weapons
 a - a +0 war axe (weapon)
Armour
 b - a +0 scale mail (worn)
 c - a +0 buckler (worn)
 e - a +0 pair of boots (worn)
 i - a +0 plate armour
 j - a +0 cloak (worn)
Jewellery
 n - a +6 ring of intelligence
Scrolls
 h - a scroll of immolation {unknown}
 k - 2 scrolls of vulnerability {unknown}
 o - a scroll of torment {unknown}
Potions
 d - 2 potions of might
 f - a potion of resistance {unknown}
 g - 2 potions of haste {unknown}
 l - a potion of degeneration {unknown}
 m - a potion of lignification {unknown}


   Skills:
 - Level 3.6 Fighting
 + Level 5.9 Axes
 - Level 3.6 Armour
 - Level 3.6 Shields


You had 3 spell levels left.
You didn't know any spells.
Your spell library was empty.

Dungeon Overview and Level Annotations

Branches:
Dungeon (3/15)

Altars:


Innate Abilities, Weirdness & Mutations

You have a pair of horns on your head.
You reflexively headbutt those who attack you in melee.


Message History

You headbutt the kobold!
You kill the kobold!
You see here a staff of fire.
There is an open door here.
Things that are here:
a +0 club; 4 poisoned darts; a kobold corpse A worm comes into view.
You slash the worm!
The worm is severely wounded.
The worm bites you.
You hit the worm but do no damage.
The worm is severely wounded.
The worm bites you.
You hit the worm.
The worm is severely wounded.
The worm barely misses you. You furiously retaliate!
You headbutt the worm. You hit the worm.
You kill the worm!
You open the door.
Jessica the Apprentice Sorceress comes into view.
She is wielding a +0 dagger and wearing a +2 robe of willpower.
Jessica shouts!
Found 13 gold pieces.
Jessica barely misses you. You furiously retaliate!
You headbutt Jessica!
You kill Jessica!
There is an open door here.
Things that are here:
a +0 dagger; a +2 robe of willpower; the human corpse of Jessica You now have 160 gold pieces (gained 13).
HP restored.
You open the door.
There is an open door here.
Found a stone staircase leading down.
Found a rapier.
You're in a travel-excluded area, stopping explore.
Okay, then.
You are engulfed in blazing flames.
You are engulfed in blazing flames.
A bat comes into view.
You are engulfed in blazing flames.
You die...

#§§.# #..§# #####...####
..§§.=[..§§
#...§§§..)).. #.#
b....$. ###.# #...# ###
#...# #☼§@# ..# #.#.#
#☼§§# #.# #.#.# #○§§#
#.###.#.######...#######
.......................#
...##.#.#.############.#
#..##.#....## #.#
....#.#.<...# #.#
....#......## #.#


You could see a bat (asleep).

Vanquished Creatures
  Jessica (D:3)
  Natasha (D:3)
  2 adders (D:2)
  A worm (D:3)
  2 dart slugs (D:1)
  3 ball pythons
  3 endoplasms
  A giant cockroach (D:2)
  A goblin (D:2)
  4 hobgoblins
  7 jackals (D:1)
  2 bats (D:1)
  2 frilled lizards
  2 kobolds
  A rat (D:1)
33 creatures vanquished.

Notes
Turn   | Place    | Note
-------+----------+-------------------------------------------
     0 | D:1      | Darius099 the Minotaur Fighter began the quest for the Orb.
     0 | D:1      | Reached XP level 1. HP: 19/19 MP: 0/0
   115 | D:1      | Reached skill level 3 in Axes
   211 | D:1      | Reached XP level 2. HP: 24/26 MP: 1/1
   479 | D:1      | You fall into a shaft and drop 1 floor!
   719 | D:1      | Reached skill level 4 in Axes
   946 | D:2      | Reached XP level 3. HP: 31/31 MP: 2/2
  1289 | D:3      | Reached skill level 5 in Axes
  1292 | D:3      | Noticed Natasha
  1299 | D:3      | Killed Natasha
  1300 | D:3      | Reached XP level 4. HP: 30/39 MP: 3/3
  1323 | D:3      | Noticed Jessica
  1324 | D:3      | Killed Jessica
  1443 | D:3      | Engulfed by a cloud of flame

Illustrated notes

Levels and vault maps discovered:
D:1:      sevenhm_arrival_forest_fort_small_6, layout_loops_ring, serial_glass,
          glass_columns_a, glass_columns_a, item_on_display_b, feat_on_display,
          roderic_serpentine_path, minmay_tiny_reverse_x
D:2:      layout_rooms, chequers_decorated_corner
D:3:      layout_loops_corners, lemuel_flame_loot_1, uniq_natasha, uniq_jessica

Skill      XL: |  1  2  3 |
---------------+----------+-----
Axes           | 3 4 5 |  5.9
Fighting       | |  3.6
Armour         | |  3.6
Shields        | |  3.6

Action                     |  1- 3 |  4- 6 || total
---------------------------+-------+-------++-------
  Melee: War axe           |    53 |     4 ||    57
         Headbutt          |     8 |       ||     8
 Armour: Scale mail        |    36 |     5 ||    41
  Dodge: Dodged            |    20 |     4 ||    24
  Block: Buckler           |    14 |       ||    14

Table legend: (Time is in decaauts)
 A = Elapsed time spent in this place.
 B = Non-inter-level travel time spent in this place.
 C = Inter-level travel time spent in this place.
 D = Time resting spent in this place.
 E = Time spent auto-exploring this place.
 F = Levels seen in this place.
 G = Mean time per level.
                   A        B        C        D        E       F      G
               +--------+--------+--------+--------+--------+-----+--------+
         Total |   1462 |   1404 |     58 |    100 |    617 |   3 |  487.3 |
       Dungeon |   1462 |   1404 |     58 |    100 |    617 |   3 |  487.3 |
               +--------+--------+--------+--------+--------+-----+--------+

Top non-repeatable levels by time:
     D:1: 868 daAuts
     D:2: 420 daAuts
     D:3: 172 daAuts
